Map: Jagannatha LE

Players

Deckboy

  • Race: Terran Terran
  • League: Gold

varok - Winner!

  • Race: Protoss Protoss

VOD

Have the link to the VOD?

Description

Time

  • Played on: Sept. 27, 2021, 12:03 a.m.
  • Length: 12:21
Show
View Real Time Build Order
Export as new Build Order

Deckboy Terran 

Build Orders:  

Get SALT Encoding   

  12  0:00  SCV  
  13  0:12  SCV  
  14  0:19  Supply Depot  
  14  0:29  SCV  
  15  0:42  SCV  
  16  0:46  Refinery  
  16  0:59  SCV, Barracks  
  17  1:07  Barracks  
  17  1:20  Supply Depot  
  17  1:32  SCV  
  18  1:46  Barracks Tech Lab  
  18  1:54  SCV  
  18  1:56  Marine  
  20  2:07  Concussive Shells  
  20  2:09  Marauder  
  20  2:14  Marine  
  23  2:30  Marauder  
  23  2:33  Orbital Command  
  27  2:51  Marauder  
  26  3:23  Marine  
  26  3:25  Marauder  
  28  3:41  Marine  
  27  3:46  Marauder  
  30  3:59  Marine  
  31  4:08  Marauder  
  31  4:18  Marine  
  26  4:29  Marauder  
  25  4:36  Marine  
  26  4:50  Factory, Marine  
  27  4:54  Marine  
  27  5:08  Marauder  
  27  5:12  Marine  
  26  5:30  Marine, Marauder  
  25  5:47  Marine  
  24  6:01  Widow Mine  
  26  6:07  Barracks  
  26  6:11  Barracks  
  24  6:14  Barracks  
  24  6:22  Widow Mine  
  26  6:43  Widow Mine  
  24  6:55  Marine  
  24  6:58  Barracks Tech Lab  
  24  6:59  Barracks Reactor  
  24  7:01  Barracks Reactor  
  25  7:04  Supply Depot  
  25  7:05  Widow Mine  
  27  7:13  Marine  
  28  7:24  Stimpack  
  28  7:26  Widow Mine  
  28  7:29  Engineering Bay  
  30  7:31  Marine  
  30  7:36  Marine x3  
  30  7:37  Marine x2  
  36  7:46  Starport  
  36  7:48  Widow Mine  
  36  7:49  Marine  
  39  8:02  Supply Depot  
  39  8:06  Marine x5  
  39  8:07  Marine  
  39  8:08  Supply Depot  
  39  8:09  Widow Mine  
  39  8:11  Supply Depot  
  47  8:24  Marine x6  
  53  8:30  Widow Mine  
  53  8:32  Supply Depot  
  55  8:42  Marauder, Marine x5  
  55  8:43  Medivac  
  64  8:59  Marine x2  
  66  9:04  Marauder  
  66  9:06  Marine  
  66  9:07  Marine  
  70  9:13  Medivac  
  72  9:24  Marine  
  54  10:24  Marine x3  
  54  10:25  Marine x3  
  56  10:42  Marine x5  
  52  11:14  Marine  
  52  11:15  Marine x5  
  54  11:28  Command Center  
  54  11:32  Marine  
  54  11:38  Widow Mine  
  46  11:59  Widow Mine  
Show
View Real Time Build Order
Export as new Build Order

varok Protoss - Winner!

Build Orders:  

Get SALT Encoding   

  12  0:00  Probe  
  13  0:12  Probe  
  14  0:19  Pylon  
  14  0:24  Probe  
  15  0:29  Assimilator  
  15  0:37  Probe (Chrono Boost)  
  16  0:49  Probe (Chrono Boost)  
  17  0:52  Gateway  
  17  0:56  Probe (Chrono Boost)  
  18  1:03  Probe (Chrono Boost)  
  19  1:15  Probe (Chrono Boost)  
  19  1:17  Assimilator  
  20  1:21  Probe (Chrono Boost)  
  20  1:22  Pylon  
  21  1:29  Probe  
  22  1:44  Cybernetics Core  
  22  1:54  Probe  
  23  2:03  Nexus  
  23  2:15  Pylon  
  23  2:19  Probe  
  23  2:21  Stalker, Warp Gate (Chrono Boost)  
  26  2:32  Probe  
  27  2:37  Twilight Council  
  27  2:44  Probe  
  28  2:51  Stalker  
  28  2:56  Probe  
  31  3:15  Probe (Chrono Boost)  
  32  3:25  Probe (Chrono Boost)  
  33  3:32  Stalker  
  31  3:35  Probe (Chrono Boost)  
  31  3:40  Probe (Chrono Boost)  
  26  3:51  Probe  
  26  4:03  Probe  
  27  4:15  Probe  
  23  4:27  Probe  
  24  4:34  Stalker  
  26  4:44  Probe (Chrono Boost)  
  27  4:48  Blink  
  27  4:55  Probe (Chrono Boost)  
  27  4:59  Probe (Chrono Boost)  
  29  5:10  Stalker  
  29  5:11  Probe  
  27  5:40  Stalker  
  29  5:49  Probe (Chrono Boost)  
  30  5:59  Probe (Chrono Boost)  
  30  6:00  Probe (Chrono Boost)  
  29  6:04  Probe (Chrono Boost)  
  30  6:14  Stalker  
  32  6:21  Probe (Chrono Boost)  
  33  6:31  Probe (Chrono Boost)  
  33  6:32  Probe (Chrono Boost)  
  36  6:40  Probe (Chrono Boost)  
  37  6:47  Probe (Chrono Boost)  
  37  6:57  Stalker  
  37  6:59  Probe (Chrono Boost)  
  40  7:05  Assimilator  
  41  7:09  Probe (Chrono Boost), Assimilator  
  41  7:14  Probe x2 (Chrono Boost)  
  42  7:22  Stalker  
  45  7:25  Probe  
  45  7:27  Pylon  
  46  7:32  Gateway  
  46  7:34  Gateway  
  46  7:45  Probe  
  46  7:46  Pylon  
  46  7:47  Pylon  
  47  7:54  Stalker  
  47  7:57  Probe (Chrono Boost)  
  50  8:01  Probe (Chrono Boost)  
  51  8:09  Probe (Chrono Boost)  
  51  8:10  Probe (Chrono Boost)  
  53  8:13  Gateway  
  53  8:14  Probe (Chrono Boost), Gateway  
  54  8:30  Stalker  
  54  8:31  Stalker x2  
  60  8:39  Pylon  
  60  8:42  Pylon  
  60  8:45  Dark Shrine  
  60  8:54  Robotics Facility  
  60  9:04  Forge  
  60  9:06  Forge  
  60  9:08  Stalker x3  
  66  9:14  Stalker  
  66  9:15  Stalker  
  70  9:23  Probe x2 (Chrono Boost)  
  72  9:33  Probe (Chrono Boost)  
  72  9:38  Protoss Shields Level 1, Probe (Chrono Boost)  
  73  9:39  Protoss Ground Weapons Level 1  
  73  9:42  Observer  
  75  9:47  Stalker  
  75  9:48  Stalker x2  
  75  9:49  Stalker x2  
  85  9:56  Pylon  
  85  10:02  Pylon  
  85  10:06  Pylon  
  51  10:25  Stalker  
  51  10:26  Stalker x4  
  49  10:50  Probe (Chrono Boost)  
  51  10:57  Probe (Chrono Boost)  
  51  11:01  Probe (Chrono Boost)  
  45  11:04  Stalker x2  
  45  11:05  Probe (Chrono Boost), Stalker  
  45  11:07  Probe (Chrono Boost)  
  45  11:10  Probe (Chrono Boost)  
  50  11:17  Probe  
  52  11:21  Probe  
  53  11:29  Probe  
  53  11:30  Stalker x2  
  53  11:31  Stalker  
  53  11:32  Stalker  
  62  11:33  Probe  
  53  12:11  Stalker  
  53  12:12  Stalker x4  
Tags
 
Add a new tag
Caveats
  • Supply blocks, unpowered buildings, or Contaminate may cause inaccurate times.
  • Supply counts are checked every 10 seconds.